 Dungeon Crawl Stone Soup version 0.30-a0-458-g86641cc369 (webtiles) character file.

Game seed: 10727102839305220599

207 Bnni the Grave Robber (level 5, 0/40 HPs)
             Began as a Demonspawn Necromancer on Dec 14, 2022.
             Slain by a gnoll
             ... wielding a +0 club
              (7 damage)
             ... on level 3 of the Dungeon.
             The game lasted 00:05:36 (2827 turns).

Bnni the Grave Robber (Demonspawn Necromancer)      Turns: 2827, Time: 00:05:37

Health: 0/40       AC:  4    Str:  8    XL:     5   Next: 54%
Magic:  3/9        EV: 12    Int: 19    God:
Gold:   86         SH:  5    Dex: 13    Spells: 2/10 levels left

rFire   . . .      SeeInvis .    j - +0 dagger (venom)
rCold   . . .      Faith    .    (no shield)
rNeg    . . .      Spirit   .    a - +0 robe
rPois   .          Reflect  +    (no helmet)
rElec   .          Harm     .    (no cloak)
rCorr   .          Rampage  .    (no gloves)
Will    .....                    (no boots)
Stlth   ++........               h - amulet of reflection
HPRegen 0.26/turn                (no ring)
MPRegen 0.11/turn                (no ring)

@: no status effects
A: rugged brown scales 2
a: no special abilities


You were on level 3 of the Dungeon.
You visited 1 branch of the dungeon, and saw 3 of its levels.

You collected 86 gold pieces.

Inventory:

Hand Weapons
 f - a +0 halberd
 j - a +0 dagger of venom (weapon)
 k - a +3 mace of protection
Missiles
 c - a throwing net
Armour
 a - a +0 robe (worn)
 m - a +0 leather armour
Jewellery
 h - an amulet of reflection (around neck)
Wands
 l - a wand of flame (11)
 n - a wand of paralysis (8)
Scrolls
 e - 4 scrolls of identify {unknown}
 g - a scroll of vulnerability {unknown}
 i - a scroll of fear {unknown}
 o - a scroll of immolation {unknown}
Potions
 b - a potion of magic
 d - a potion of flight {unknown}


   Skills:
 + Level 2.4 Fighting
 - Level 1.7 Dodging
 - Level 1.7 Stealth
 + Level 3.1 Spellcasting
 * Level 6.2 Necromancy


You had 2 spell levels left.
You knew the following spells:

 Your Spells              Type           Power      Damage    Failure   Level
a - Necrotise             Necr           100%       1d9       1%          1
c - Vampiric Draining     Necr           26%        2d7       3%          3
d - Animate Dead          Necr           26%        N/A       12%         4

Your spell library contained the following spells:

 Spells                   Type           Power      Damage    Failure   Level
 Agony                    Necr           26%        N/A       32%         5


Dungeon Overview and Level Annotations

Branches:
Dungeon (3/15)

Altars:


Innate Abilities, Weirdness & Mutations

You are mostly covered in rugged brown scales. (AC +2, +5% HP)


Message History

The gnoll closely misses you.
You closely miss the gnoll.
The gnoll is lightly wounded.
You block the gnoll's attack. The gnoll closely misses you.
Casting: Vampiric Draining (dangerous; 3% risk of failure)
Confirm with . or Enter, or press ? or * to list all spells.
Aiming: Vampiric Draining (dangerous; 3% risk of failure)
Press: ? - help, Shift-Dir - straight line, f - gnoll
Aim: a gnoll, wielding a +0 spear (moderately wounded, poisoned)
You draw life force from the gnoll!
You feel life coursing into your body. The gnoll hits you with a +0 flail.
The gnoll hits you with a +0 spear.
Unknown command.
Casting: Vampiric Draining (dangerous; 3% risk of failure)
Confirm with . or Enter, or press ? or * to list all spells.
Aiming: Vampiric Draining (dangerous; 3% risk of failure)
Press: ? - help, Shift-Dir - straight line, f/p - gnoll
Aim: a gnoll, wielding a +0 spear (almost dead, poisoned)
You draw life force from the gnoll!
You kill the gnoll!
You feel life coursing into your body. The gnoll hits you with a +0 flail.
The rat twitches its whiskers.
You hit the gnoll.
The gnoll is lightly wounded.
The gnoll barely misses you. x2
You hit the gnoll.
The gnoll is poisoned.
The gnoll is heavily wounded.
The gnoll hits you with a +0 flail. The gnoll hits you with a +0 club.
You are too injured to fight recklessly!
You are too injured to fight recklessly!
You hit the gnoll but do no damage. The gnoll hits you with a +0 club.
The gnoll closely misses you.
You hit the gnoll.
The gnoll is lightly wounded.
The gnoll closely misses you. The gnoll barely misses you.
You hit the gnoll.
The gnoll is lightly wounded.
The gnoll hits you with a +0 flail!
* * * LOW HITPOINT WARNING * * *
The gnoll hits you with a +0 club!
You die...

.###### #.#
......# #.#
..###.## ### ##
..##...+ #.+
...#..### #..
...###..# #.#
.#.##..### #r#
)#.####..# ##g#
)).# #..###
##@# .###
###..# ##.#g.#
.#
#..#####.#..#.#
.#
###..##.#..#.##
.#
#..##.#..#.##
.# ###..#..#.##
.# #.....#.##
.### ###..#.##
...# ..#.##


You could see 2 gnolls and a rat.

Vanquished Creatures
  An orc priest (D:3)
  Robin (D:2)
  8 gnolls
  A worm (D:2)
  5 dart slugs
  3 orcs (D:3)
  4 ball pythons
  5 endoplasms
  3 giant cockroaches (D:2)
  17 goblins
  5 hobgoblins
  2 kobolds (D:1)
  5 quokkas
  7 bats
  A frilled lizard (D:1)
  3 rats
71 creatures vanquished.

Notes
Turn   | Place    | Note
-------+----------+-------------------------------------------
     0 | D:1      | Bnni the Demonspawn Necromancer began the quest for the
                  | Orb.
     0 | D:1      | Reached XP level 1. HP: 13/13 MP: 3/3
   264 | D:1      | Gained mutation: You are partially covered in rugged brown
                  | scales. (AC +1, +3% HP) [demonic ancestry]
   264 | D:1      | Reached XP level 2. HP: 12/20 MP: 5/5
   504 | D:1      | Reached skill level 1 in Fighting
   882 | D:1      | Reached skill level 5 in Necromancy
   882 | D:1      | Reached XP level 3. HP: 25/26 MP: 4/6
   886 | D:1      | Learned a level 3 spell: Vampiric Draining
  1654 | D:2      | Reached XP level 4. HP: 32/32 MP: 7/7
  1665 | D:2      | Learned a level 4 spell: Animate Dead
  1739 | D:2      | Noticed Robin
  1937 | D:2      | Killed Robin
  2411 | D:3      | Reached skill level 6 in Necromancy
  2411 | D:3      | Gained mutation: You are mostly covered in rugged brown
                  | scales. (AC +2, +5% HP) [demonic ancestry]
  2411 | D:3      | Reached XP level 5. HP: 24/39 MP: 0/9
  2827 | D:3      | Slain by a gnoll

Illustrated notes

Levels and vault maps discovered:
D:1:      psy_arrival_statuary, layout_basic, minmay_pentomino_v2
D:2:      layout_loops_ring, amcnicky_mini_pool_small, minmay_misc_feat_columns,
          grunt_ministairs_2, uniq_robin
D:3:      minmay_razor_zed, layout_loops_corners, serial_shops, shop

Skill      XL: |  1  2  3  4 |
---------------+-------------+-----
Fighting       | 1 2 |  2.4
Necromancy     | 5 6 |  6.2
Spellcasting   | 3 |  3.1
Dodging        | |  1.7
Stealth        | |  1.7

Action                   |  1- 3 |  4- 6 || total
-------------------------+-------+-------++-------
Melee: Unarmed           |    12 |       ||    12
       Mace              |    92 |     5 ||    97
       Club              |     2 |       ||     2
       Dagger            |    14 |    77 ||    91
 Cast: Necrotise         |    41 |     3 ||    44
       Vampiric Draining |     3 |    10 ||    13
 Stab: Sleeping          |     6 |     1 ||     7
Armor: Robe              |    34 |    13 ||    47
Dodge: Dodged            |    92 |    55 ||   147
Block: Other             |    14 |    23 ||    37

Table legend: (Time is in decaauts)
 A = Elapsed time spent in this place.
 B = Non-inter-level travel time spent in this place.
 C = Inter-level travel time spent in this place.
 D = Time resting spent in this place.
 E = Time spent auto-exploring this place.
 F = Levels seen in this place.
 G = Mean time per level.
                   A        B        C        D        E       F      G
               +--------+--------+--------+--------+--------+-----+--------+
         Total |   2865 |   2708 |    157 |    628 |   1463 |   3 |  955.0 |
       Dungeon |   2865 |   2708 |    157 |    628 |   1463 |   3 |  955.0 |
               +--------+--------+--------+--------+--------+-----+--------+

Top non-repeatable levels by time:
     D:1: 1296 daAuts
     D:2: 949 daAuts
     D:3: 619 daAuts
